 Dungeon Crawl Stone Soup version 0.31-a0-656-gb4d89c20fa (webtiles) character file.

Game seed: 13590033366738408514

450 mandarbmax the Skirmisher (level 7, -5/50 HPs)
             Began as a Formicid Hunter on Aug 31, 2023.
             Slain by Terence
             ... wielding a +0 flail
              (7 damage)
             ... on level 3 of the Dungeon.
             The game lasted 00:08:53 (2078 turns).

mandarbmax the Skirmisher (Formicid Hunter)         Turns: 2078, Time: 00:08:53

Health: -5/50      AC:  4    Str: 16    XL:     7   Next: 25%
Magic:  7/7        EV: 12    Int:  8    God:
Gold:   83         SH:  0    Dex: 19    Spells: 6/6 levels left

rFire   . . .        a - +0 shortbow
rCold   . . .        (no shield)
rNeg    . . .        r - +2 robe {Will+}
rPois   .            (helmet unavailable)
rElec   .            (no cloak)
rCorr   .            (no gloves)
SInv    +            (no boots)
Will    +....        (no amulet)
Stlth   ++           (no ring)
HPRegen 0.28/turn    (no ring)
MPRegen 0.10/turn

%: no passive effects
@: mighty
A: permanent stasis, dig shafts and tunnels, antennae 3, four strong arms
a: Dig, Shaft Self


You were on level 3 of the Dungeon.
You visited 1 branch of the dungeon, and saw 3 of its levels.

You collected 138 gold pieces.
You spent 55 gold pieces at shops.

Inventory:

Hand Weapons
 a - a +0 shortbow (weapon)
Armour
 r - a +2 robe of willpower (worn)
Scrolls
 b - a scroll of butterflies
 d - a scroll of immolation {unknown}
 e - a scroll of fog
 h - a scroll of silence
 i - a scroll of enchant weapon
 m - a scroll of enchant armour
 p - a scroll of teleportation
 q - a scroll of brand weapon {unknown}
Potions
 f - a potion of enlightenment {unknown}
 g - a potion of magic
 j - a potion of brilliance {unknown}
 k - a potion of degeneration
 n - a potion of might


   Skills:
 + Level 2.1 Fighting
 * Level 8.1 Ranged Weapons
 + Level 2.0 Dodging
 - Level 1.2 Stealth


You had 6 spell levels left.
You didn't know any spells.
Your spell library contained the following spells:

 Spells                   Type           Power      Damage    Failure   Level
 Necrotise                Necr           0%         1d4       41%         1
 Sublimation of Blood     Necr           0%         N/A       54%         2
 Wereblood                Tmut           0%         N/A       54%         2
 Vampiric Draining        Necr           0%         2d6       78%         3
 Animate Dead             Necr           0%         N/A       99%         4
 Agony                    Necr           0%         N/A       100%        5
 Borgnjor's Vile Clutch   Necr/Erth      0%         N/A       100%        5
 Death Channel            Necr           0%         N/A       100%        6
 Summon Hydra             Summ           0%         N/A       100%        7


Dungeon Overview and Level Annotations

Branches:
Dungeon (3/15)

Altars:

Shops:
D:1 [   D:2 !

Annotations:
D:3 Terence


Innate Abilities, Weirdness & Mutations

You cannot be hasted, slowed, berserked, paralysed or teleported.
You can dig through walls and to a lower floor.
You have a pair of large antennae on your head. (SInv)
Your four strong arms can wield two-handed weapons with a shield.


Message History

It was a potion of might.
You feel very mighty all of a sudden. Terence completely misses you.
Fire: a) +0 shortbow
Press: ? - help, Q - select action, (/) - cycle Shift-Dir - straight line, f/p - Terence
Aim: Terence, wielding a +0 flail and wearing a +0 chain mail (black smoke, severely wounded, 72% to hit)
You shoot an arrow.
The arrow hits Terence but does no damage.
Terence is severely wounded.
Terence closely misses you.
Fire: a) +0 shortbow
Press: ? - help, Q - select action, (/) - cycle Shift-Dir - straight line, f/p - Terence
Aim: Terence, wielding a +0 flail and wearing a +0 chain mail (black smoke, severely wounded, 72% to hit)
You shoot an arrow. The arrow hits Terence.
Terence is severely wounded.
Terence shouts, "Now you die!" Terence closely misses you.
Fire: a) +0 shortbow
Press: ? - help, Q - select action, (/) - cycle Shift-Dir - straight line, f/p - Terence
Aim: Terence, wielding a +0 flail and wearing a +0 chain mail (severely wounded, 72% to hit)
You shoot an arrow. The arrow hits Terence.
Terence is almost dead.
Terence hits you with a +0 flail.
* * * LOW HITPOINT WARNING * * *
Fire: a) +0 shortbow
Press: ? - help, Q - select action, (/) - cycle Shift-Dir - straight line, f/p - Terence
Aim: Terence, wielding a +0 flail and wearing a +0 chain mail (almost dead, 72% to hit)
You shoot an arrow.
The arrow hits Terence but does no damage.
Terence is almost dead.
Terence hits you with a +0 flail.
* * * LOW HITPOINT WARNING * * *
Fire: a) +0 shortbow
Press: ? - help, Q - select action, (/) - cycle Shift-Dir - straight line, f/p - Terence
Aim: Terence, wielding a +0 flail and wearing a +0 chain mail (almost dead, 72% to hit)
You shoot an arrow.
The arrow hits Terence but does no damage.
Terence is almost dead.
Terence hits you with a +0 flail!
You die...

##.#### ##. ##.### ...
.....## #.# .......
#.### . .†...# #.#.## ##
.. .....#####.#..##
.###.# ...............#
....(#.
...####...#.##.##.......
....####..#.....@@......
.....##....#....##.....#
.....##......#..# .....
.............#..# ....
.....##....#.#.... ..#
.....#######...##. ..
......# .... . #
........ .... .
.....####


You could see Terence.

Vanquished Creatures
  Grinder (D:3)
  Sigmund (D:3)
  3 adders
  A dart slug (D:1)
  An orc (D:3)
  3 ball pythons
  7 bats
  4 endoplasms
  4 giant cockroaches
  3 goblins
  5 hobgoblins
  6 jackals
  4 quokkas
  3 frilled lizards
  A kobold (D:2)
  3 rats
50 creatures vanquished.

Notes
Turn   | Place    | Note
-------+----------+-------------------------------------------
     0 | D:1      | mandarbmax the Formicid Hunter began the quest for the Orb.
     0 | D:1      | Reached XP level 1. HP: 16/16 MP: 1/1
    33 | D:1      | Found Ullidgh's Armour Boutique.
    44 | D:1      | Reached XP level 2. HP: 22/22 MP: 2/2
    49 | D:1      | Found a faded altar of an unknown god.
   303 | D:1      | Reached XP level 3. HP: 27/27 MP: 3/3
   873 | D:1      | Reached skill level 5 in Ranged Weapons
   995 | D:2      | Found Xiuqoos's Distillery.
  1034 | D:2      | Reached XP level 4. HP: 33/33 MP: 4/4
  1111 | D:2      | Bought a potion of heal wounds for 55 gold pieces
  1729 | D:3      | Noticed Grinder
  1760 | D:3      | Killed Grinder
  1761 | D:3      | Reached skill level 7 in Ranged Weapons
  1761 | D:3      | Reached XP level 5. HP: 17/38 MP: 5/5
  1761 | D:3      | Reached XP level 6. HP: 20/44 MP: 6/6
  1894 | D:3      | Noticed Sigmund
  1914 | D:3      | Killed Sigmund
  1915 | D:3      | Reached skill level 8 in Ranged Weapons
  1915 | D:3      | Reached XP level 7. HP: 26/50 MP: 7/7
  2045 | D:3      | Noticed Terence
  2064 | D:3      | HP: 2/50 [Terence/+0 flail (10)]
  2077 | D:3      | HP: 2/50 [Terence/+0 flail (5)]
  2078 | D:3      | Slain by Terence

Illustrated notes

Levels and vault maps discovered:
D:1:      saegor_arrival_simple_c, layout_basic, serial_shops, shop,
          dreamdust_ecumenical_altar_grove, grunt_decor_one_mirror
D:2:      layout_basic, serial_shops, nicolae_diamond_shop
D:3:      layout_rooms, nicolae_overflow_crystal_walls, uniq_sigmund,
          uniq_terence, uniq_jessica, uniq_grinder

Skill      XL: |  1  2  3  4  5  6 |
---------------+-------------------+-----
Dodging        | 2 |  2.0
Ranged Weapons | 5 7 8 |  8.1
Fighting       | |  2.1
Stealth        | |  1.2

Action                     |  1- 3 |  4- 6 |  7- 9 || total
---------------------------+-------+-------+-------++-------
   Fire: Shortbow          |    84 |    78 |    31 ||   193
Ability: Dig               |     1 |       |       ||     1
    Use: Scroll            |       |     4 |     1 ||     5
         Potion            |       |     3 |     3 ||     6
 Armour: Leather armour    |     7 |     3 |       ||    10
  Dodge: Dodged            |    17 |    14 |    12 ||    43

Table legend: (Time is in decaauts)
 A = Elapsed time spent in this place.
 B = Non-inter-level travel time spent in this place.
 C = Inter-level travel time spent in this place.
 D = Time resting spent in this place.
 E = Time spent auto-exploring this place.
 F = Levels seen in this place.
 G = Mean time per level.
                   A        B        C        D        E       F      G
               +--------+--------+--------+--------+--------+-----+--------+
         Total |   2104 |   2038 |     66 |     50 |   1591 |   3 |  701.3 |
       Dungeon |   2104 |   2038 |     66 |     50 |   1591 |   3 |  701.3 |
               +--------+--------+--------+--------+--------+-----+--------+

Top non-repeatable levels by time:
     D:1: 970 daAuts
     D:2: 744 daAuts
     D:3: 388 daAuts
